 Dungeon Crawl Stone Soup version 0.30-a0-451-ge042605de7 (webtiles) character file.

Game seed: 2125627123660548321

66 bande the Covered (level 4, -5/29 HPs)
             Began as a Gargoyle Fighter on Dec 12, 2022.
             Slain by Crazy Yiuf
             ... wielding a +3 quarterstaff of chaos
              (8 damage)
             ... on level 2 of the Dungeon.
             The game lasted 00:03:22 (2168 turns).

bande the Covered (Gargoyle Fighter)                Turns: 2168, Time: 00:03:23

Health: -5/29      AC: 10    Str: 20    XL:     4   Next: 15%
Magic:  3/4        EV:  9    Int:  8    God:
Gold:   120        SH:  4    Dex: 11    Spells: 3/3 levels left

rFire   . . .      SeeInvis .    a - +0 war axe
rCold   . . .      Faith    .    c - +0 buckler
rNeg    + . .      Spirit   .    b - +0 scale mail
rPois   ∞          Reflect  .    (no helmet)
rElec   +          Harm     .    (no cloak)
rCorr   .          Rampage  .    (no gloves)
Will    .....                    (no boots)
Stlth   ..........               (no amulet)
HPRegen 0.24/turn                (no ring)
MPRegen 0.09/turn                (no ring)

@: no status effects
A: sickness immunity, AC +3, negative energy resistance 1, electricity
resistance, torment resistance 1, petrification resistance
a: no special abilities


You were on level 2 of the Dungeon.
You visited 1 branch of the dungeon, and saw 2 of its levels.

You collected 120 gold pieces.

Inventory:

Hand Weapons
 a - a +0 war axe (weapon)
Armour
 b - a +0 scale mail (worn)
 c - a +0 buckler (worn)
Scrolls
 e - a scroll of summoning {unknown}
 g - a scroll of fog {unknown}
 i - a scroll of noise {unknown}
 k - a scroll of amnesia {unknown}
 m - a scroll of enchant armour {unknown}
 n - a scroll of teleportation {unknown}
 o - a scroll of blinking {unknown}
 p - a scroll of torment {unknown}
Potions
 d - a potion of might
 f - a potion of berserk rage {unknown}
 h - a potion of attraction {unknown}
 j - a potion of flight {unknown}
 l - a potion of magic {unknown}


   Skills:
 + Level 3.7 Fighting
 + Level 2.7 Axes
 + Level 4.1 Armour
 + Level 3.6 Shields


You had 3 spell levels left.
You didn't know any spells.
Your spell library contained the following spells:

 Spells                   Type           Power      Damage    Failure   Level
 Freeze                   Ice            0%         1d3       85%         1
 Frozen Ramparts          Ice            0%         1d1       99%         3
 Hailstorm                Conj/Ice       0%         3d3       99%         3
 Summon Forest            Summ/Tloc      0%         N/A       100%        5
 Eringya's Noxious Bog    Tmut/Pois      0%         N/A       100%        6
 Summon Hydra             Summ           0%         N/A       100%        7


Dungeon Overview and Level Annotations

Branches:
Dungeon (2/15)

Altars:

Shops:
D:2 [

Annotations:
D:2 Crazy Yiuf


Innate Abilities, Weirdness & Mutations

You are immune to sickness and miasma.
Your stone body is resilient. (AC +3)
You are immune to poison.
You resist negative energy. (rN+)
You are resistant to electric shocks. (rElec)
You are resistant to unholy torment.
You are immune to petrification.


Message History

Unknown command.
Found a dagger.
Found a robe.
You open the door.
Found two stone staircases leading down.
There is an open door here.
You open the door.
There is an open door here.
You see here a worm corpse.
You see here a +0 dagger.
You open the door.
There is an open door here.
There is an open door here.
You pick up a book of Frost and begin reading...
You add the spells Freeze, Frozen Ramparts and Hailstorm to your library.
There is an open door here.
There is an open door here.
There is an open door here.
There is a stone staircase leading up here.
There is an open door here.
Found a runed translucent door.
Crazy Yiuf shouts!
Crazy Yiuf sings, "Trees, trees, trees, circus!"
You open the door.
Crazy Yiuf yells, "Snurf toodlewoodle wrapper!"
You hit Crazy Yiuf but do no damage.
Crazy Yiuf hits you with a +3 quarterstaff of chaos.
Space warps horribly around you! You block Crazy Yiuf's attack.
You hit Crazy Yiuf but do no damage.
Crazy Yiuf says, "Goober water shrimp!"
Crazy Yiuf hits you with a +3 quarterstaff of chaos!
* * * LOW HITPOINT WARNING * * *
You closely miss Crazy Yiuf.
Crazy Yiuf hits you with a +3 quarterstaff of chaos.
* * * LOW HITPOINT WARNING * * *
You feel your power leaking away.
You barely miss Crazy Yiuf. You block Crazy Yiuf's attack.
Crazy Yiuf says, "Ice!"
Crazy Yiuf hits you with a +3 quarterstaff of chaos!
You die...

.'.........'....♣.♣#♣#♣
##<........####...#
###.......## ##..# #
##....### #### ##...#
##'###♣♣♣♣♣
#.#....♣.♣♣♣ ###
#.......♣..♣#...#
##......♣♣♣♣@g...#
##......♣♣ ♣♣#..)#
####....##♣♣ ###
........# ####.#.##
#.##.# #....# ######


You could see Crazy Yiuf.

Vanquished Creatures
  An adder (D:2)
  A worm (D:2)
  2 dart slugs (D:1)
  4 endoplasms
  A giant cockroach (D:1)
  8 goblins
  4 hobgoblins
  4 jackals (D:2)
  2 kobolds (D:2)
  A quokka (D:1)
  5 ball pythons
  4 bats (D:1)
  8 rats (D:1)
45 creatures vanquished.

Vanquished Creatures (others)
  4 plants (D:2)
4 creatures vanquished.

Grand Total: 49 creatures vanquished

Notes
Turn   | Place    | Note
-------+----------+-------------------------------------------
     0 | D:1      | bande the Gargoyle Fighter began the quest for the Orb.
     0 | D:1      | Reached XP level 1. HP: 14/14 MP: 1/1
   124 | D:1      | Reached XP level 2. HP: 19/19 MP: 2/2
   586 | D:1      | Reached XP level 3. HP: 23/23 MP: 3/3
   858 | D:1      | Found a faded altar of an unknown god.
  1548 | D:2      | Reached skill level 4 in Armour
  1663 | D:2      | Reached XP level 4. HP: 28/28 MP: 4/4
  1881 | D:2      | Found Pemugum's Armour Boutique.
  2160 | D:2      | Found a runed translucent door.
  2161 | D:2      | Noticed Crazy Yiuf
  2168 | D:2      | Slain by Crazy Yiuf

Illustrated notes

Levels and vault maps discovered:
D:1:      matt_arrival_los_fun, layout_basic, chequers_ecumenical_altar_simple,
          minmay_tromino_v4_b
D:2:      layout_loops_corners, serial_forest, infiniplex_forest_clump_curved,
          infiniplex_forest_lined_room_3, infiniplex_forest_clump_double,
          infiniplex_forest_lined_room_2, infiniplex_forest_straight_2,
          infiniplex_forest_lined_2, infiniplex_forest_clump_long, serial_shops,
          shop, uniq_crazy_yiuf_cottage

Skill      XL: |  1  2  3 |
---------------+----------+-----
Axes           | 2 |  2.7
Armour         | 4 |  4.1
Fighting       | |  3.7
Shields        | |  3.6

Action                   |  1- 3 |  4- 6 || total
-------------------------+-------+-------++-------
Melee: War axe           |    98 |    18 ||   116
Armor: Scale mail        |    63 |     4 ||    67
Dodge: Dodged            |    38 |     3 ||    41
Block: Buckler           |    22 |     3 ||    25

Table legend: (Time is in decaauts)
 A = Elapsed time spent in this place.
 B = Non-inter-level travel time spent in this place.
 C = Inter-level travel time spent in this place.
 D = Time resting spent in this place.
 E = Time spent auto-exploring this place.
 F = Levels seen in this place.
 G = Mean time per level.
                   A        B        C        D        E       F      G
               +--------+--------+--------+--------+--------+-----+--------+
         Total |   2215 |   2197 |     18 |      0 |   1887 |   2 | 1107.5 |
       Dungeon |   2215 |   2197 |     18 |      0 |   1887 |   2 | 1107.5 |
               +--------+--------+--------+--------+--------+-----+--------+

Top non-repeatable levels by time:
     D:1: 1226 daAuts
     D:2: 989 daAuts
